 Dungeon Crawl Stone Soup version 0.23.0-38-g208d714 (webtiles) character file.

Game seed: 0

8620 teukkam the Protected (level 11, -11/99 HPs)
             Began as a Minotaur Fighter on Feb 25, 2019.
             Was an Elder of Wu Jian.
             Mangled by an eight-headed hydra (13 damage)
             ... on level 3 of the Lair of Beasts on Feb 27, 2019.
             The game lasted 00:35:29 (8304 turns).

teukkam the Protected (Minotaur Fighter)            Turns: 8304, Time: 00:35:30

Health: -11/99     AC:  6    Str: 25    XL:     11   Next: 12%
Magic:  10/10      EV:  9    Int:  5    God:    Wu Jian [****..]
Gold:   573        SH: 13    Dex: 11    Spells: 10/10 levels left

rFire    . . .     SeeInvis +   a - +1 dagger (venom)
rCold    . . .     Gourm    .   c - +1 shield
rNeg     . . .     Faith    .   K - +0 scale mail (curse)
rPois    .         Spirit   .   (helmet unavailable)
rElec    .         Reflect  .   (no cloak)
rCorr    +         Harm     .   (no gloves)
MR       .....     Clarity  +   k - +0 pair of boots
Stlth    ..........             (no amulet)
HPRegen  0.26/turn              i - ring of see invisible
MPRegen  0.12/turn              j - ring of resist corrosion

@: lightly drained
A: retaliatory headbutt, horns 3, agile 1, clarity, deformed body
a: Wall Jump, Serpent's Lash, Renounce Religion


You were on level 3 of the Lair of Beasts.
You worshipped Wu Jian.
Wu Jian was greatly pleased with you.
You were not hungry.

You visited 2 branches of the dungeon, and saw 14 of its levels.
You also visited: Ossuary.

You collected 573 gold pieces.

Inventory:

Hand Weapons
 a - a +1 dagger of venom (weapon)
 b - a -1 hand crossbow
 e - a +0 war axe
 y - a cursed +4 dagger of freezing
 C - a +1 hand axe of flaming
 E - a +2 vampiric long sword
 F - a +0 hunting sling
 M - a +1 quarterstaff of speed
Missiles
 h - 199 stones (quivered)
 r - 8 javelins
 u - 16 bolts
 B - 26 poisoned needles
 I - 8 needles of sleeping
Armour
 c - a +1 shield (worn)
 k - a +0 pair of boots (worn)
 q - a +0 scale mail
 K - a cursed +0 scale mail (worn)
Jewellery
 i - a ring of see invisible (left hand)
 j - a ring of resist corrosion (right hand)
Wands
 g - a wand of flame (10)
 n - a wand of disintegration (1)
 t - a wand of acid (7)
 D - a wand of digging (1)
 L - a wand of paralysis (11)
Scrolls
 m - 3 scrolls of teleportation
 o - 4 scrolls of identify
 p - 2 scrolls of remove curse
 G - a scroll of fear
Potions
 d - 2 potions of heal wounds
 l - 5 potions of flight
 s - 5 potions of curing
 w - 5 potions of lignification {unknown}
 x - 2 potions of mutation
 z - a potion of agility
 A - 2 potions of degeneration {unknown}
 H - 2 potions of cancellation {unknown}
 J - a potion of resistance
 N - a potion of ambrosia {unknown}
Comestibles
 f - 13 rations
 v - 3 chunks of flesh


   Skills:
 + Level 10.1(9.4) Fighting
 + Level 7.5(6.9) Short Blades
 - Level 5.0(4.4) Axes
 - Level 3.8(3.3) Slings
 + Level 6.7(6.1) Crossbows
 + Level 10.1(9.4) Armour
 + Level 10.1(9.4) Shields


You had 10 spell levels left.
You didn't know any spells.
Your spell library contained the following spells:

 Spells                   Type           Power        Failure   Level  Hunger
 Flame Tongue             Conj/Fire      #....        92%         1    ##.....
 Sting                    Conj/Pois      #...         92%         1    ##.....
 Poisonous Vapours        Pois/Air       #.....       98%         2    ###....
 Throw Flame              Conj/Fire      #.....       98%         2    ###....
 Conjure Flame            Conj/Fire      #.......     100%        3    ####...
 Ignite Poison            Fire/Tmut/Pois #.......     100%        3    ####...
 Inner Flame              Hex/Fire       #.......     100%        3    ####...
 Olgreb's Toxic Radiance  Pois           #.......     100%        4    #####..
 Sticky Flame             Conj/Fire      #.......     100%        4    #####..
 Fireball                 Conj/Fire      #.........   100%        5    ######.


Dungeon Overview and Level Annotations

Branches:
Dungeon (9/15)               Lair (5/6) D:8
 Temple: D:4-7        Swamp: Lair:2-4    Shoals: Lair:2-4     Snake: Lair:2-4
 Spider: Lair:2-4     Slime: Lair:5-6       Orc: D:9-12

Altars:
Dithmenos
Kikubaaqudgha
Trog
Wu Jian
Xom

Annotations:
Lair:4 Nergalle


Innate Abilities, Weirdness & Mutations

You reflexively headbutt those who attack you in melee.
You have a pair of large horns on your head.
You are agile. (Dex +2)
You possess an exceptional clarity of mind.
Armour fits poorly on your strangely shaped body.


Message History

Nergalle points at you and mumbles some strange words.
The bolt of negative energy hits you!!
You feel drained.
You climb upwards.
The eight-headed hydra roars!
The wyvern hisses angrily.
The wyvern bites you! The eight-headed hydra bites you!
The eight-headed hydra bites you but does no damage.
You block the eight-headed hydra's attack. x3
The eight-headed hydra completely misses you.
The eight-headed hydra bites you.
You block the eight-headed hydra's attack.
The wyvern completely misses you. The eight-headed hydra bites you! x2
* * * LOW HITPOINT WARNING * * *
The eight-headed hydra bites you.
* * * LOW HITPOINT WARNING * * *
The eight-headed hydra bites you!
* * * LOW HITPOINT WARNING * * *
You block the eight-headed hydra's attack.
The eight-headed hydra bites you but does no damage.
The eight-headed hydra bites you!
You die...

..# .. .. . ##
.#.# ≈♣. ##..##
♣....#8..8#..+#
♣.....@D......
....#...l..###P
# ...#8..8##
..## ##..##
#.## ..# P.# .
#.####### .P#
........


You could see an eight-headed hydra and a wyvern.

Vanquished Creatures
  Kirke (Lair:4)
  Pikel (D:5)
  A black mamba (Lair:2)
  A komodo dragon (Lair:4)
  A troll (D:8)
  Grinder (D:5)
  7 blink frogs
  Sigmund (D:2)
  6 yaks (Lair:2)
  6 hogs (Lair:4)
  A water moccasin (Lair:1)
  An orc warrior (D:8)
  A slave (D:5)
  An ice beast (D:6)
  A necrophage (D:7)
  3 wolves (D:8)
  2 crocodiles (Lair:2)
  Blork the orc (D:5)
  2 bullfrogs
  A scorpion (D:6)
  A water moccasin skeleton (D:8)
  3 wights (D:6)
  5 electric eels (D:8)
  3 howler monkeys
  A crimson imp (D:8)
  A centaur zombie (D:7)
  2 jellies
  3 orc priests
  4 hounds (D:8)
  Ijyb (D:5)
  An iguana (D:6)
  Natasha (twice) (D:4)
  5 worker ants
  4 orc wizards
  8 mummies (Ossuary)
  A howler monkey zombie (D:5)
  Robin (D:2)
  4 gnolls (D:4)
  15 adders
  2 oozes
  3 worms
  2 dart slugs
  3 leopard geckos
  14 orcs
  5 giant cockroaches
  2 gnoll zombies (Ossuary)
  13 goblins
  9 hobgoblins
  10 jackals
  4 kobolds
  2 quokkas
  6 bats
  5 frilled lizards
  3 hobgoblin zombies (Ossuary)
  A leopard gecko zombie (D:6)
  3 orc zombies (Ossuary)
  8 rats
  A plant (Lair:4)
201 creatures vanquished.

Vanquished Creatures (others)
  A hound skeleton (D:5)
  A leopard gecko skeleton (D:5)
  3 fungi
  A plant (Lair:2)
6 creatures vanquished.

Grand Total: 207 creatures vanquished

Notes
Turn   | Place    | Note
-------+----------+-------------------------------------------
     0 | D:1      | teukkam the Minotaur Fighter began the quest for the Orb.
     0 | D:1      | Reached XP level 1. HP: 19/19 MP: 0/0
   314 | D:1      | Reached XP level 2. HP: 26/27 MP: 1/1
   722 | D:2      | Found a faded altar of an unknown god.
   732 | D:2      | Became a worshipper of the Wu Jian Council
   732 | D:2      | Reached * piety under Wu Jian
   893 | D:2      | Reached XP level 3. HP: 29/33 MP: 2/2
   905 | D:2      | Noticed Robin
   921 | D:2      | Killed Robin
   977 | D:2      | Reached XP level 4. HP: 37/41 MP: 3/3
  1084 | D:2      | Noticed Sigmund
  1090 | D:2      | Killed Sigmund
  1090 | D:2      | Reached skill level 5 in Fighting
  1090 | D:2      | Reached skill level 5 in Armour
  1090 | D:2      | Reached skill level 5 in Shields
  1090 | D:2      | Reached XP level 5. HP: 41/48 MP: 4/4
  1189 | D:2      | Found a shimmering altar of Xom.
  1396 | D:2      | Reached ** piety under Wu Jian
  1593 | D:3      | Reached XP level 6. HP: 56/56 MP: 5/5
  1728 | D:3      | Found an ancient bone altar of Kikubaaqudgha.
  2306 | D:4      | Noticed Natasha
  2312 | D:4      | Killed Natasha
  2312 | D:4      | Reached skill level 1 in Slings
  2621 | D:4      | Reached XP level 7. HP: 26/61 MP: 6/6
  3087 | D:4      | Noticed Natasha
  3093 | D:4      | Killed Natasha
  3441 | D:5      | Entered Level 5 of the Dungeon
  3485 | D:5      | Reached skill level 5 in Axes
  3720 | D:5      | Noticed Grinder
  3738 | D:5      | Killed Grinder
  3738 | D:5      | Reached skill level 1 in Short Blades
  3813 | D:5      | Noticed Pikel
  3857 | D:5      | Killed Pikel
  3857 | D:5      | Reached XP level 8. HP: 48/71 MP: 7/7
  3997 | D:5      | Noticed Blork the orc
  4000 | D:5      | Killed Blork the orc
  4084 | D:5      | Noticed Ijyb
  4095 | D:5      | Killed Ijyb
  4470 | D:6      | Found a shadowy altar of Dithmenos.
  4503 | D:5      | Reached *** piety under Wu Jian
  4573 | D:6      | Reached skill level 1 in Crossbows
  4623 | D:6      | Found an ornate altar of the Wu Jian Council.
  4649 | D:6      | Noticed a two-headed ogre
  5110 | D:7      | Reached XP level 9. HP: 77/79 MP: 8/8
  5353 | D:7      | Found a bloodstained altar of Trog.
  5405 | D:8      | Found a sand-covered staircase.
  5410 | Ossuary  | Entered an ossuary
  5724 | D:8      | Noticed a troll
  5739 | D:8      | Reached **** piety under Wu Jian
  5749 | D:8      | Killed a troll
  6014 | D:8      | Reached skill level 5 in Short Blades
  6122 | D:8      | Identified the Almanac of Ignition and Poisoning
  6265 | D:8      | Found a staircase to the Lair.
  6624 | Lair:1   | Entered Level 1 of the Lair of Beasts
  6776 | Lair:2   | Noticed a black mamba
  6794 | Lair:2   | Killed a black mamba
  6799 | Lair:2   | Upgraded the game from 0.23.0-28-g6fe0f4d to
                  | 0.23.0-38-g208d714
  6999 | Lair:2   | Reached XP level 10. HP: 57/90 MP: 9/9
  7016 | Lair:2   | Reached skill level 5 in Crossbows
  7182 | Lair:2   | Gained mutation: You are agile. (Dex +2) [potion of
                  | mutation]
  7182 | Lair:2   | Gained mutation: Armour fits poorly on your strangely
                  | shaped body. [potion of mutation]
  7182 | Lair:2   | Gained mutation: You have a pair of large horns on your
                  | head. [potion of mutation]
  7182 | Lair:2   | Gained mutation: You possess an exceptional clarity of
                  | mind. [potion of mutation]
  8044 | Lair:4   | Noticed Kirke
  8062 | Lair:4   | Killed Kirke
  8062 | Lair:4   | Reached skill level 10 in Fighting
  8062 | Lair:4   | Reached skill level 10 in Armour
  8062 | Lair:4   | Reached skill level 10 in Shields
  8062 | Lair:4   | Reached XP level 11. HP: 74/99 MP: 10/10
  8259 | Lair:4   | Found a runed translucent door.
  8283 | Lair:4   | Noticed a fire crab
  8301 | Lair:4   | Noticed Nergalle
  8304 | Lair:3   | Noticed an eight-headed hydra
  8304 | Lair:3   | HP: 2/99 [eight-headed hydra (12)]
  8304 | Lair:3   | Mangled by an eight-headed hydra

Skill      XL: |  1  2  3  4  5  6  7  8  9 10 |
---------------+-------------------------------+-----
Fighting       | 4 5 6 7 8 10 | 10.1
Armour         | 4 5 6 7 8 10 | 10.1
Shields        | 4 5 6 7 8 10 | 10.1
Axes           | 3 4 5 |  5.0
Slings         | 1 3 |  3.8
Short Blades   | 2 4 5 7 |  7.5
Crossbows      | 2 4 6 |  6.7

Action                   |  1- 3 |  4- 6 |  7- 9 | 10-12 || total
-------------------------+-------+-------+-------+-------++-------
Melee: War axe           |    41 |       |     7 |       ||    48
       Headbutt          |     5 |    10 |    53 |    34 ||   102
       Hand axe          |    33 |   103 |    59 |       ||   195
       Dagger            |       |       |   272 |   136 ||   408
 Fire: Hunting sling     |       |    34 |    24 |       ||    58
       Hand crossbow     |       |       |    71 |    19 ||    90
Throw: Stone             |       |     2 |       |       ||     2
Invok: Lunge             |     3 |    11 |    23 |     9 ||    46
       Whirlwind         |    17 |    39 |   132 |    46 ||   234
 Abil: Wall Jump         |       |     2 |    16 |     9 ||    27
Evoke: Wand              |       |       |    12 |     2 ||    14
  Use: Potion            |       |     2 |     4 |     3 ||     9
       Scroll            |       |       |    15 |     1 ||    16
  Eat: Chunk             |       |     5 |     6 |     3 ||    14
       Ration            |       |       |     3 |       ||     3
Armor: Scale mail        |    35 |    28 |    82 |    12 ||   157
Dodge: Dodged            |    22 |    30 |    68 |    21 ||   141
Block: Shield            |    29 |    45 |   169 |    54 ||   297
